 Dungeon Crawl Stone Soup version 0.27-a0-1324-ge0d8e047f6 (webtiles) character file.

Game seed: 8742092795261928572

42024 Froggeryz the Swashbuckler (level 14, -1/102 HPs)
             Began as an Octopode Berserker on June 23, 2021.
             Was a High Priest of Trog.
             Slain by an eight-headed hydra (16 damage)
             ... on level 6 of the Lair of Beasts.
             The game lasted 00:29:53 (20377 turns).

Froggeryz the Swashbuckler (Octopode Berserker)    Turns: 20377, Time: 00:29:53

Health: -1/102     AC:  3    Str: 18    XL:     14   Next: 18%
Magic:  23/23      EV: 20    Int:  9    God:    Trog [*****.]
Gold:   977        SH:  6    Dex: 15    Spells: 13/13 levels left

rFire    . . .     SeeInvis .   O - +7 quick blade (vorpal)
rCold    + . .     Faith    .   H - +1 buckler
rNeg     + . .     Spirit   .   f - +2 hat
rPois    +         Reflect  .   q - amulet of regeneration
rElec    .         Harm     .   e - ring of magical power
rCorr    +         Rampage  .   h - ring of poison resistance
Will     ++...                  a - ring of positive energy
Stlth    +++++.....             m - ring of protection from cold
HPRegen  1.27/turn              i - ring of resist corrosion
MPRegen  0.18/turn              N - ring of willpower
                                (no ring)
                                (no ring)

@: no status effects
A: almost no armour, amphibious, 8 rings, camouflage 1, gelatinous body 1,
(nimble swimmer 1), tentacles
a: Renounce Religion, Berserk, Trog's Hand, Brothers in Arms


You were on level 6 of the Lair of Beasts.
You worshipped Trog.
Trog was extremely pleased with you.
You visited 2 branches of the dungeon, and saw 16 of its levels.

You collected 977 gold pieces.

Inventory:

Hand Weapons
 B - a +0 rapier
 D - a +0 dagger of venom
 O - a +7 vorpal quick blade (weapon)
Missiles
 t - 94 poisoned darts (quivered)
 w - 7 javelins
 x - 2 curare-tipped darts
 F - 5 boomerangs
Armour
 f - a +2 hat (worn)
 H - a +1 buckler (worn)
Jewellery
 a - a ring of positive energy (on tentacle)
 e - a ring of magical power (left tentacle)
 h - a ring of poison resistance (right tentacle)
 i - a ring of resist corrosion (on tentacle)
 m - a ring of protection from cold (on tentacle)
 q - an amulet of regeneration (around mantle)
 N - a ring of willpower (on tentacle)
 P - an amulet of faith
 Q - an amulet of guardian spirit
Wands
 l - a wand of iceblast (15)
 u - a wand of acid (11)
 v - a wand of mindburst (2)
 z - a wand of digging (5)
 J - a wand of charming (19)
Scrolls
 g - 6 scrolls of teleportation
 k - a scroll of fear
 n - 3 scrolls of blinking
 o - a scroll of fog
 s - a scroll of brand weapon
 y - a scroll of summoning
 E - a scroll of silence
 I - a scroll of immolation
 K - 2 scrolls of holy word
 T - a scroll of noise
Potions
 b - 3 potions of flight
 c - 2 potions of cancellation {unknown}
 d - 5 potions of curing
 j - a potion of magic {unknown}
 p - 3 potions of degeneration {unknown}
 r - a potion of experience {unknown}
 A - 3 potions of might {unknown}
 C - 3 potions of attraction {unknown}
 G - 2 potions of mutation {unknown}
 L - a potion of berserk rage {unknown}
 M - 4 potions of invisibility {unknown}
 S - a potion of lignification {unknown}


   Skills:
 + Level 11.9 Fighting
 - Level 15.0 Short Blades
 + Level 12.9 Dodging
 - Level 7.1 Stealth
 - Level 5.5 Shields
 + Level 1.4 Evocations


You had 13 spell levels left.
You didn't know any spells.
Your spell library was empty.

Dungeon Overview and Level Annotations

Branches:
Dungeon (10/15)            Temple (0/1) D:5            Lair (6/6) D:9
 Shoals (0/4) Lair:3        Snake (0/4) Lair:2        Slime (0/5) Lair:5
    Orc: D:9-12

Altars:
Dithmenos
Elyvilon
Fedhas
Okawaru
Qazlal
Trog
Uskayaw
Wu Jian

Shops:
D:3 (   D:8 :

Annotations:
D:5 3 runed translucent doors, hemabe71's ghost, novice HuAr
D:8 2 transporters
Lair:3 exclusion: boulder beetle


Innate Abilities, Weirdness & Mutations

You cannot wear most types of armour.
You are amphibious.
You can wear up to eight rings at the same time.
Your skin changes colour to match your surroundings (Stealth+).
Your rubbery body absorbs attacks. (AC +1, EV +1)
((You are camouflaged near water. (Stealth+)))
You have tentacles for arms and can constrict up to eight enemies at once.


Message History

No target in view!
A cane toad comes into view.
A cane toad is nearby!
A cane toad is nearby!
Found a long bronze wand and 27 bolts.
An eight-headed hydra comes into view.
The helpless cane toad fails to defend itself.
You spit the cane toad like a pig!!!!
You kill the cane toad!
Trog accepts your kill.
The eight-headed hydra roars!
The eight-headed hydra bites you!
The eight-headed hydra completely misses you.
The eight-headed hydra misses you.
The eight-headed hydra bites you but does no damage.
The eight-headed hydra bites you! x3
The eight-headed hydra barely misses you.
You puncture the eight-headed hydra!
The eight-headed hydra is lightly wounded.
The eight-headed hydra bites you!
The eight-headed hydra closely misses you. x2
The eight-headed hydra misses you.
You block the eight-headed hydra's attack.
The eight-headed hydra closely misses you.
The eight-headed hydra bites you but does no damage.
The eight-headed hydra bites you!
* * * LOW HITPOINT WARNING * * *
You are too injured to fight recklessly!
As you read the scroll of fear, it crumbles to dust.
You assume a fearsome visage.
The fungus is unaffected.
The plant is unaffected. x2; The fungus is unaffected.
The plant is unaffected.
The eight-headed hydra resists with almost no effort.
The eight-headed hydra bites you!
* * * LOW HITPOINT WARNING * * *
The eight-headed hydra completely misses you.
You block the eight-headed hydra's attack.
The eight-headed hydra misses you.
The eight-headed hydra closely misses you.
The eight-headed hydra bites you!
You die...

..........# .. #..
..........####.##
P... ........##
#....##...
.........###...#./...
.####...##.....#...##
.. ##...##....$..P#.#
.# #...##..........#
.# ##.......#...PD#
.P ##...........@## .
#....##.......#
........#.......##
....#..#.........#
....###..PP##.#.##
#... #....###### #..
.....## #. #...... ..
###(.#..


You could see an eight-headed hydra.

Vanquished Creatures
  Gastronok (D:8)
  A fire dragon (Lair:1)
  7 hydras
  A two-headed ogre (D:9)
  Urug (Lair:3)
  Pikel (D:6)
  A lindwurm (Lair:3)
  2 oklob plants (Lair:4)
  9 black mambas
  8 elephants
  14 cane toads
  10 komodo dragons
  3 kobold demonologists (D:9)
  A polar bear (Lair:4)
  A troll (D:8)
  10 blink frogs
  7 dream sheep (Lair:4)
  38 yaks
  A basilisk (Lair:4)
  2 wyverns
  3 steam dragons
  A vampire mosquito (D:9)
  18 water moccasins
  2 orc warriors (D:9)
  2 sky beasts
  6 black bears
  11 wolves
  11 necrophages
  2 ogres
  A centaur (D:8)
  A phantom (D:5)
  4 lemures
  15 kobold brigands
  14 bullfrogs
  A scorpion (D:5)
  A wyvern zombie (D:8)
  9 wights
  2 howler monkeys (D:8)
  A bullfrog zombie (D:6)
  3 centaur zombies
  A hound (D:6)
  5 orc priests
  A bullfrog skeleton (D:6)
  2 centaur skeletons
  A gnoll shaman (D:6)
  Jessica (D:2)
  3 iguanas
  3 orc wizards
  A scorpion zombie (D:5)
  2 killer bee zombies
  A hound skeleton (D:4)
  A howler monkey zombie (D:6)
  9 gnolls
  5 adders
  2 white imps (D:5)
  2 ufetubi (D:4)
  4 worms
  2 dart slugs
  19 orcs
  2 bats (D:2)
  3 endoplasms
  7 giant cockroaches
  6 goblins
  8 hobgoblins
  5 jackals
  38 kobolds
  4 quokkas
  10 ball pythons
  2 frilled lizards
  A quokka skeleton (D:4)
  4 rats
382 creatures vanquished.

Vanquished Creatures (collateral kills)
  A hydra (Lair:3)
1 creature vanquished.

Vanquished Creatures (others)
  A hornet (Lair:3)
  A bush (Lair:4)
  A butterfly (D:3)
  22 fungi
  72 plants
97 creatures vanquished.

Grand Total: 480 creatures vanquished

Notes
Turn   | Place    | Note
-------+----------+-------------------------------------------
     0 | D:1      | Froggeryz the Octopode Berserker began the quest for the
                  | Orb.
     0 | D:1      | Reached XP level 1. HP: 16/16 MP: 1/1
   167 | D:1      | Reached skill level 1 in Stealth
   469 | D:1      | Reached XP level 2. HP: 20/21 MP: 2/2
   895 | D:2      | Reached XP level 3. HP: 14/26 MP: 3/3
  1245 | D:2      | Reached ** piety under Trog
  1395 | D:2      | Noticed Jessica
  1402 | D:2      | Killed Jessica
  1403 | D:2      | Reached skill level 4 in Short Blades
  1403 | D:2      | Reached XP level 4. HP: 31/31 MP: 4/4
  2094 | D:3      | You fall into a shaft and drop 3 floors!
  2095 | D:6      | Noticed a lemure
  2117 | D:5      | Entered Level 5 of the Dungeon
  2195 | D:5      | Noticed a necrophage
  2196 | D:5      | Noticed a scorpion
  2205 | D:5      | Killed a necrophage
  2206 | D:5      | Reached skill level 5 in Stealth
  2206 | D:5      | Reached XP level 5. HP: 36/36 MP: 5/5
  2305 | D:3      | Found Alyen's Weapon Emporium.
  2387 | D:3      | Found a faded altar of an unknown god.
  2502 | D:3      | Found a white marble altar of Elyvilon.
  2830 | D:4      | Reached skill level 5 in Short Blades
  2926 | D:4      | Reached XP level 6. HP: 38/42 MP: 6/6
  3029 | D:4      | Noticed a necrophage
  3029 | D:4      | Noticed a necrophage
  3038 | D:4      | Killed a necrophage
  3042 | D:4      | Killed a necrophage
  3180 | D:4      | Reached XP level 7. HP: 41/46 MP: 7/7
  3382 | D:4      | You fall into a shaft and drop 3 floors!
  3387 | D:7      | Reached skill level 6 in Short Blades
  3390 | D:7      | Noticed a steam dragon
  3392 | D:7      | Reached *** piety under Trog
  3406 | D:7      | Killed a steam dragon
  3671 | D:7      | Reached skill level 7 in Short Blades
  3671 | D:7      | Reached XP level 8. HP: 36/52 MP: 8/8
  3966 | D:6      | Found a blossoming altar of Fedhas.
  4315 | D:5      | Found a runed translucent gate.
  4315 | D:5      | Found a runed translucent gate.
  4315 | D:5      | Found a runed translucent gate.
  4315 | D:5      | Noticed hemabe71's ghost (novice HuAr)
  4473 | D:5      | Reached skill level 8 in Short Blades
  4590 | D:5      | Reached skill level 5 in Dodging
  4953 | D:5      | Found a staircase to the Ecumenical Temple.
  5361 | D:6      | Reached skill level 9 in Short Blades
  5361 | D:6      | Reached XP level 9. HP: 36/56 MP: 9/9
  5599 | D:6      | Reached **** piety under Trog
  5994 | D:6      | Noticed Pikel
  6148 | D:6      | Killed Pikel
  6149 | D:6      | Reached skill level 10 in Short Blades
  6405 | D:6      | Found a stormy altar of Qazlal.
  7262 | D:7      | Found an ornate altar of the Wu Jian Council.
  7941 | D:8      | Found a transporter.
  7941 | D:8      | Noticed a skeletal warrior
  8162 | D:8      | Reached skill level 11 in Short Blades
  8177 | D:8      | Noticed Gastronok
  8192 | D:8      | Reached XP level 10. HP: 60/63 MP: 10/10
  8208 | D:8      | Killed Gastronok
  8209 | D:8      | Reached skill level 12 in Short Blades
  8319 | D:8      | Found a transporter.
  8342 | D:8      | Noticed a two-headed ogre
  8344 | D:8      | Noticed a skeletal warrior
  8427 | D:8      | Found a hide-covered altar of Uskayaw.
  8951 | D:8      | Found Qulolo Paiph's Book Emporium.
  9083 | D:9      | Found a bloodstained altar of Trog.
  9097 | D:9      | Found a staircase to the Lair.
  9358 | D:9      | Found an iron altar of Okawaru.
  9448 | D:9      | Noticed a kobold demonologist
  9449 | D:9      | Noticed a kobold demonologist
  9458 | D:9      | Noticed a rust devil
  9459 | D:9      | Killed a kobold demonologist
  9476 | D:9      | Killed a kobold demonologist
  9728 | D:9      | Reached XP level 11. HP: 25/69 MP: 11/11
 10174 | D:9      | Noticed a two-headed ogre
 10179 | D:9      | Reached skill level 13 in Short Blades
 10184 | D:9      | Killed a two-headed ogre
 10347 | D:9      | Found a shadowy altar of Dithmenos.
 10635 | D:9      | Reached ***** piety under Trog
 10639 | D:9      | Reached skill level 1 in Shields
 11053 | D:9      | Reached skill level 5 in Fighting
 11989 | D:10     | Entered Level 10 of the Dungeon
 12169 | Lair:1   | Entered Level 1 of the Lair of Beasts
 12559 | Lair:1   | Noticed a seven-headed hydra
 12714 | Lair:1   | Reached skill level 14 in Short Blades
 12797 | Lair:1   | Noticed a fire dragon
 12811 | Lair:1   | You fall into a shaft and drop 1 floor!
 12993 | Lair:3   | Reached XP level 12. HP: 46/77 MP: 12/12
 13508 | Lair:1   | Killed a fire dragon
 14012 | Lair:2   | Noticed an eight-headed hydra
 14029 | Lair:2   | Found a staircase to the Snake Pit.
 14057 | Lair:2   | Reached skill level 5 in Shields
 14324 | Lair:1   | Killed a seven-headed hydra
 15689 | Lair:2   | Reached skill level 15 in Short Blades
 16382 | Lair:2   | Killed an eight-headed hydra
 16543 | Lair:3   | Noticed Urug
 16550 | Lair:3   | Killed Urug
 16562 | Lair:3   | Found a staircase to the Shoals.
 16623 | Lair:3   | Noticed a six-headed hydra
 16635 | Lair:3   | Killed a six-headed hydra
 16636 | Lair:3   | Reached skill level 10 in Dodging
 16979 | Lair:3   | Noticed a boulder beetle
 17073 | Lair:3   | Reached XP level 13. HP: 68/90 MP: 13/13
 17314 | Lair:3   | Received a gift from Trog
 17720 | Lair:4   | Reached skill level 10 in Fighting
 19307 | Lair:5   | Found a staircase to the Slime Pits.
 19625 | Lair:5   | Reached XP level 14. HP: 101/101 MP: 14/14
 20240 | Lair:6   | Entered Level 6 of the Lair of Beasts
 20305 | Lair:6   | Reached skill level 1 in Evocations
 20377 | Lair:6   | Slain by an eight-headed hydra

Illustrated notes

Levels and vault maps discovered:
D:1:      minmay_arrival_open_corners, layout_loops_ring
D:2:      layout_basic, minmay_tetromino_l4, uniq_jessica
D:3:      layout_loops_ring, nicolae_elyvilon_peaceful_grove,
          shapermc_ecumenical_altar_notcrosses, serial_glass, glass_columns_a,
          glass_columns_a, serial_shops, shop, minmay_misc_feat_doors
D:4:      layout_rooms, chequers_big_river
D:5:      layout_loops_ring, minmay_temple_entry_mini_moons,
          ebering_ghost_rock_garden
D:6:      kennysheep_six_static_rooms, layout_basic,
          grunt_temple_overflow_forces_of_nature, uniq_pikel
D:7:      layout_loops_ring, lemuel_coloured_pillars_altar
D:8:      layout_rooms, gammafunk_temple_overflow_arena, serial_shops, shop,
          uniq_gastronok
D:9:      layout_loops_corners, nicolae_dithmenos_the_darkroom, bloody_trog,
          okawaru_trees_2, david_lair_generic, special_room
          [special_room_kobold], skrybe_limestone_x
D:10:     lemuel_bear_cage, layout_irregular_city, zombieorc1_lemuel
Lair:1:   dragon1_lemuel, layout_chaotic_city
Lair:2:   layout_roguey, minmay_snake_entry_six_corridors, roderic_carrion_pond
Lair:3:   cheibrodos_lair_overgrown_chateau, layout_cellular_growth,
          shoals_dummy_entry, st_stairs_9, uniq_urug
Lair:4:   layout_cave_pods, minmay_lair_oklob_chamber
Lair:5:   layout_small_grid, dpeg_slime_entry_corner
Lair:6:   minmay_lair_end_enchanted_forest, layout_misc_corridors,
          infiniplex_staircase_pool, serial_bayou_shore_b

Skill      XL: |  1  2  3  4  5  6  7  8  9 10 11 12 13 14 |
---------------+-------------------------------------------+-----
Stealth        | 1 2 3 5 6 7 |  7.1
Short Blades   | 4 5 7 9 11 12 14 15 | 15.0
Dodging        | 4 5 7 9 10 12 | 12.9
Fighting       | 4 6 8 11 | 11.9
Shields        | 4 5 |  5.5
Evocations     | 1 |  1.4

Action                   |  1- 3 |  4- 6 |  7- 9 | 10-12 | 13-15 || total
-------------------------+-------+-------+-------+-------+-------++-------
Melee: Short sword       |    63 |    81 |   258 |       |       ||   402
       Tentacles         |    11 |    20 |    85 |   189 |   127 ||   432
       Constrict         |    13 |    17 |    55 |    77 |    40 ||   202
       Dagger            |       |       |    63 |   547 |    32 ||   642
       Rapier            |       |       |     5 |    80 |    50 ||   135
       Quick blade       |       |       |       |       |   310 ||   310
Throw: Boomerang         |       |       |       |     6 |       ||     6
       Dart              |       |       |       |     2 |     3 ||     5
Invok: Berserk           |       |     2 |     4 |    16 |    11 ||    33
       Trog's Hand       |       |       |     3 |     4 |     1 ||     8
Evoke: Wand              |       |       |       |     5 |     5 ||    10
  Use: Scroll            |       |     2 |       |    16 |     7 ||    25
       Potion            |       |       |     2 |     1 |       ||     3
 Stab: Sleeping          |     6 |     8 |    24 |    16 |    12 ||    66
       Distracted        |       |     1 |     1 |     3 |       ||     5
Armor: Skin              |    11 |    12 |    38 |    32 |    16 ||   109
Dodge: Dodged            |    29 |    54 |   132 |   287 |   154 ||   656
Block: Buckler           |       |       |       |     2 |    57 ||    59

Table legend: (Time is in decaauts)
 A = Elapsed time spent in this place.
 B = Non-inter-level travel time spent in this place.
 C = Inter-level travel time spent in this place.
 D = Time resting spent in this place.
 E = Time spent auto-exploring this place.
 F = Levels seen in this place.
 G = Mean time per level.
                   A        B        C        D        E       F      G
               +--------+--------+--------+--------+--------+-----+--------+
         Total |  19993 |  19428 |    565 |   5275 |  10672 |  16 | 1249.6 |
       Dungeon |  12153 |  11780 |    373 |   2885 |   6831 |  10 | 1215.3 |
          Lair |   7839 |   7648 |    191 |   2390 |   3841 |   6 | 1306.5 |
               +--------+--------+--------+--------+--------+-----+--------+

Top non-repeatable levels by time:
     D:9: 3014 daAuts
  Lair:1: 2347 daAuts
     D:7: 1933 daAuts
  Lair:3: 1574 daAuts
  Lair:2: 1400 daAuts
  Lair:4: 1400 daAuts
     D:6: 1320 daAuts
     D:5: 1233 daAuts
     D:8: 1136 daAuts
     D:2: 1110 daAuts
  Lair:5: 1009 daAuts
     D:1: 818 daAuts
     D:4: 802 daAuts
     D:3: 780 daAuts
  Lair:6: 107 daAuts
